 Dungeon Crawl Stone Soup version 0.17-a0-1450-g7e755d1 (webtiles) character file.

6614 HEYYEYAAE the Fighter (level 10, -3/107 HPs)
             Began as a Troll Monk on June 30, 2015.
             Was a Believer of Ru.
             Slain by an orc warrior
             ... wielding a +0 hand axe
             ... led by an orc knight
              (12 damage)
             ... on level 1 of the Orcish Mines.
             The game lasted 00:21:48 (10052 turns).

HEYYEYAAE the Fighter (Troll Monk)                 Turns: 10052, Time: 00:21:48

Health: -3/107     AC:  9    Str: 24    XL:     10   Next: 72%
Magic:  9/9        EV:  7    Int:  6    God:    Ru [**....]
Gold:   690        SH:  0    Dex: 12    Spells: 0 memorised, 9 levels left

rFire  . . .     SeeInvis .       - Unarmed
rCold  . . .     Rnd*Rage +     a - +0 robe
rNeg   + . .     SustAt   .     (no shield)
rPois  .         Gourm    +     (helmet restricted)
rElec  .         Spirit   .     (no cloak)
rCorr  .         Warding  +     (gloves unavailable)
rMut   .         Stasis   .     (boots unavailable)
MR     +....                    o - amulet of warding
Stlth  ..........               (no ring)
                                h - ring of protection from magic

@: somewhat resistant to hostile enchantments, extremely unstealthy
A: unfitting armour, claws 3, slimy green scales 1, yellow scales 1, berserk 1,
fast metabolism 3, gourmand, regeneration 2, shaggy fur 1, tough skin 2, no
stealth, missing an eye
a: Sacrifice Nimbleness, Sacrifice Love, Sacrifice Essence, Reject Sacrifices,
Renounce Religion


You were on level 1 of the Orcish Mines.
You worshipped Ru.
Ru was pleased with you.
You were not hungry.

You visited 3 branches of the dungeon, and saw 11 of its levels.
You also visited: Sewer.

You collected 835 gold pieces.
You spent 145 gold pieces at shops.

Inventory:

Armour
 a - a +0 robe (worn)
Jewellery
 h - a ring of protection from magic (left claw)
 j - an uncursed amulet of faith
 o - an amulet of warding (around neck)
Magical devices
 r - a wand of slowing (4)
 y - a wand of flame (4)
Scrolls
 d - 3 scrolls of amnesia
 g - 2 scrolls of blinking
 i - 3 scrolls of identify
 k - 2 scrolls of immolation
 l - 3 scrolls of remove curse
 p - a scroll of magic mapping
 s - 2 scrolls of enchant armour
 v - 2 scrolls of enchant weapon
Potions
 e - 2 potions of brilliance
 t - a potion of magic
Books
 n - a book of the Tempests

   Spells                             Type                      Level
   a - Static Discharge               Conjuration/Air              3
   b - Lightning Bolt                 Conjuration/Air              5
   c - Fireball                       Conjuration/Fire             5
   d - Tornado                        Air                          9
   e - Shatter                        Earth                        9
 q - a book of Summonings

   Spells                             Type                      Level
   a - Recall                         Summoning/Translocation      3
   b - Aura of Abjuration             Summoning                    5
   c - Shadow Creatures               Summoning                    5
   d - Summon Demon                   Summoning                    5
   e - Summon Forest                  Summoning/Translocation      5
   f - Summon Mana Viper              Hexes/Summoning              5
 z - a book of Hinderance

   Spells                             Type                      Level
   a - Confusing Touch                Hexes                        2
   b - Confuse                        Hexes                        3
   c - Gell's Gravitas                Hexes/Translocation          3
   d - Petrify                        Transmutation/Earth          4
   e - Metabolic Englaciation         Hexes/Ice                    5
Comestibles
 b - 10 bread rations
 c - 2 beef jerkies
 f - 5 meat rations
 m - 4 royal jellies
 x - 3 fruits


   Skills:
 * Level 9.1 Fighting
 + Level 5.9 Armour
 + Level 6.6 Dodging
 + Level 8.7 Unarmed Combat


You had 9 spell levels left.
You didn't know any spells.

Dungeon Overview and Level Annotations

Branches:
Dungeon (10/15)            Temple (1/1) D:5            Lair (0/8) D:9
    Orc (2/4) D:9

Altars:
Ashenzari
Cheibriados
Dithmenos
Elyvilon
Fedhas
Gozag
Kikubaaqudgha
Makhleb
Nemelex Xobeh
Okawaru
Qazlal
Ru
Sif Muna
Trog
Vehumet
Xom
Yredelemnul
Zin
The Shining One

Shops:
D:4 (   D:9 *   D:10 =   Orc:1 (   Orc:2 *


Innate Abilities, Weirdness & Mutations

You are too large for most types of armour.
You have claws for hands.
Your metabolism is lightning-fast.
You like to eat raw meat.
You heal very quickly.
You are covered in fur (AC +1).
You have very tough skin (AC +2).
You cannot be stealthy.
You are missing an eye, making it more difficult to aim.
You are partially covered in slimy green scales (AC +2).
You are partially covered in yellow scales (AC +2).
You tend to lose your temper in combat.


Message History

The orc warrior shouts!
The orc priest begins to pray, but is stunned by your will!
The orc priest invokes the aid of Beogh against you.
Something smites you!
* * * LOW HITPOINT WARNING * * *
The orc priest becomes somewhat translucent.
The orc knight roars a battlecry!
The orcs go into a battle-frenzy!
The orc warrior hits you with a hand axe!
* * * LOW HITPOINT WARNING * * *
You redirect the orc priest's attack!
The orc priest mumbles some strange prayers to Beogh.
The orc priest convulses in agony!
There is a stone staircase leading down, spattered with blood here.
Drink which item? (? for menu, Esc to quit)
Okay, then.
Evoke which item? (* to show all) (? for menu, Esc to quit)
Okay, then.
The orc warrior hits you with a hand axe!
You die...

### ##.## ##...##
##.....### #....$...##
###...#.....#
#.....#.....#
###.(.#....##
##.@)..### ##oo.##
#.o.#.## ##o....# ###
##...##### ##.#
##..####.# #..####...#
#..###
##...##..oo###....##
##....#......ooo.o..##


You could see an orc knight, 3 orc warriors and 2 orcs.

Vanquished Creatures
  Josephine (Orc:2)
  An unseen horror (D:9)
  Pikel (D:4)
  A troll (D:10)
  Grinder (D:4)
  A boulder beetle (Orc:2)
  Sigmund (D:2)
  6 wraiths
  A hungry ghost (D:9)
  A warg (Orc:2)
  An ice beast (D:9)
  2 sky beasts (D:5)
  A phantom (D:9)
  A necrophage (D:4)
  5 orc warriors
  A black bear (D:9)
  An ogre (D:10)
  3 centaurs
  A big kobold (D:10)
  A crocodile (D:6)
  3 giant frogs (D:6)
  A gnoll sergeant (D:9)
  4 killer bees (D:6)
  A troll skeleton (D:9)
  A giant frog zombie (D:9)
  2 centaur skeletons (D:9)
  5 orc priests
  A hound (D:4)
  A jelly (D:10)
  Jessica (D:3)
  Terence (D:3)
  8 orc wizards
  2 iguanas (D:10)
  2 worker ants
  A hound zombie (D:5)
  A worker ant zombie (D:6)
  Robin (D:3)
  4 gnolls (D:9)
  9 adders
  A shadow imp (D:9)
  3 adder skeletons (D:4)
  5 worms
  73 orcs
  3 ball pythons (Sewer)
  11 bats
  A bat skeleton (D:4)
  3 giant cockroaches
  17 goblins
  18 hobgoblins
  5 quokkas
  7 giant newts
  19 jackals
  23 kobolds
  11 rats
  A plant (Sewer)
282 creatures vanquished.

Vanquished Creatures (others)
  An orc wizard (Orc:1)
  An adder skeleton (D:4)
  A worm (D:4)
  2 orcs
  A bat skeleton (D:4)
6 creatures vanquished.

Grand Total: 288 creatures vanquished

Notes
Turn   | Place    | Note
--------------------------------------------------------------
     0 | D:1      | HEYYEYAAE the Troll Monk began the quest for the Orb.
     0 | D:1      | Reached XP level 1. HP: 22/22 MP: 0/0
    91 | D:1      | You fall through a shaft!
   166 | D:2      | Reached XP level 2. HP: 27/29 MP: 1/1
   252 | D:2      | Reached XP level 3. HP: 29/36 MP: 2/2
   472 | D:2      | Noticed Sigmund
   483 | D:2      | Killed Sigmund
   483 | D:2      | Reached skill level 1 in Armour
   483 | D:2      | Reached XP level 4. HP: 30/48 MP: 3/3
   483 | D:2      | Reached XP level 5. HP: 33/54 MP: 4/4
  1664 | D:3      | Noticed Robin
  1674 | D:3      | Killed Robin
  1688 | D:3      | Reached XP level 6. HP: 40/62 MP: 5/5
  1848 | D:3      | Noticed Terence
  1861 | D:3      | Killed Terence
  1986 | D:3      | Noticed Jessica
  1993 | D:3      | Killed Jessica
  1993 | D:3      | Reached skill level 5 in Unarmed Combat
  2589 | D:4      | Noticed Grinder
  2589 | D:4      | Noticed Pikel
  2649 | D:4      | Killed Pikel
  2649 | D:4      | Reached skill level 5 in Fighting
  2649 | D:4      | Reached XP level 7. HP: 58/72 MP: 6/6
  2656 | D:4      | Killed Grinder
  2732 | D:4      | Found Keuprebo's Antique Weapon Shop.
  3070 | D:4      | Reached XP level 8. HP: 70/81 MP: 7/7
  3274 | D:5      | Entered Level 5 of the Dungeon
  3342 | D:5      | Reached skill level 6 in Unarmed Combat
  3346 | D:5      | Gained mutation: Your muscles are strong. (Str +2) [mutagenic meat]
  3347 | D:5      | Gained mutation: You tend to lose your temper in combat. [mutagenic meat]
  3348 | D:5      | Lost mutation: Your muscles are strong. (Str +2) [mutagenic meat]
  3349 | D:5      | Gained mutation: You are partially covered in yellow scales (AC +2). [mutagenic meat]
  3350 | D:5      | Gained mutation: You are partially covered in slimy green scales (AC +2). [mutagenic meat]
  3489 | D:5      | Found a glowing drain.
  3674 | Sewer    | Entered a sewer
  4319 | D:5      | Found a staircase to the Ecumenical Temple.
  4345 | Temple   | Entered the Ecumenical Temple
  4520 | Temple   | Became a worshipper of Ru the Awakened
  4544 | Temple   | Gained mutation: You are missing an eye, making it more difficult to aim. [Ru sacrifice]
  4544 | Temple   | Acquired Ru's first power
  4969 | D:6      | HP: 1/83 [crocodile (13)]
  5249 | D:6      | Found an opulent altar of Gozag.
  5462 | D:6      | Reached XP level 9. HP: 27/92 MP: 8/8
  5480 | D:6      | Reached skill level 5 in Dodging
  5589 | D:6      | You fall through a shaft!
  5698 | D:10     | Entered Level 10 of the Dungeon
  5827 | D:10     | Found Waxev's Jewellery Shop.
  5958 | D:10     | Reached skill level 7 in Unarmed Combat
  6226 | D:10     | HP: 2/92 [troll (12)]
  6733 | D:10     | Found a stormy altar of Qazlal.
  6866 | D:10     | Gained mutation: You cannot be stealthy. [Ru sacrifice]
  6866 | D:10     | Acquired Ru's second power
  6994 | D:9      | Found Fiwuirch's General Store.
  7000 | D:9      | Bought a scroll of identify for 26 gold pieces
  7063 | D:9      | HP: 1/93 [orc/trident (9)]
  7365 | D:9      | Reached skill level 5 in Armour
  7472 | D:9      | Found a burning altar of Makhleb.
  7499 | D:9      | Found a staircase to the Orcish Mines.
  7580 | Orc:1    | Entered Level 1 of the Orcish Mines
  7762 | Orc:2    | Noticed Josephine
  7777 | Orc:2    | Killed Josephine
  7777 | Orc:2    | Reached skill level 8 in Fighting
  7777 | Orc:2    | Reached XP level 10. HP: 43/104 MP: 9/9
  8112 | D:9      | Found a staircase to the Lair.
  8363 | D:9      | Found a runed door.
  8428 | D:9      | Noticed an unseen horror
  8468 | D:9      | HP: 3/105 [something (4)]
  8477 | D:9      | HP: 2/105 [something (6)]
  8478 | D:9      | Killed an unseen horror
  8914 | Orc:2    | HP: 1/106 [boulder beetle (34)]
  9295 | Orc:2    | Found Safytemo's General Store.
  9323 | Orc:2    | Bought a scroll of identify for 34 gold pieces
  9323 | Orc:2    | Bought a potion of heal wounds for 85 gold pieces
  9368 | Orc:2    | Reached skill level 9 in Fighting
  9608 | Orc:1    | Noticed an orc knight
  9847 | Orc:1    | Found Xaolot's Antique Weapon Emporium.
 10043 | Orc:1    | HP: 3/107 [orc warrior/hand axe[an orc knight] (10)]
 10052 | Orc:1    | Slain by an orc warrior

Vault maps used:
D:1:      nagdon_arrival_double_spiral
D:2:      first_bread, kennysheep_minor_cross, mrwooster_statue_mirror,
          serial_park_tiny_1, uniq_sigmund
D:3:      hangedman_abyss_or_decor_lesser_grid, uniq_jessica, uniq_robin,
          uniq_terence
D:4:      serial_shops, shop, uniq_grinder, uniq_pikel
D:5:      minmay_temple_entry_trees, lightli_sewer_entry_pipes
D:6:      nicolae_gozag_seed_capital
D:9:      lair_0_dummy, hiddenorc2_lemuel, serial_shops, shop,
          hangedman_tell_no_tales, bloody_makhleb
D:10:     serial_shops, nicolae_shop_statue_plus, grunt_qazlal_sundering
Temple:   kilobyte_greek_temple_18
Orc:1:    serial_shops, shop_fountains, nicolae_orc_stony_grotto
Orc:2:    serial_shops, shop, rock_pile, uniq_josephine
Sewer:    sewer_co_scattered_pipes

Action                   |  1- 3 |  4- 6 |  7- 9 | 10-12 || total
-------------------------+-------+-------+-------+-------++-------
Melee: Unarmed           |    49 |   196 |   710 |   294 ||  1249
Invok: Sacrifice an Eye  |       |       |     1 |       ||     1
       Sacrifice Stealth |       |       |     1 |       ||     1
Evoke: Wand              |       |       |    12 |    13 ||    25
  Use: Potion            |       |     3 |     9 |     4 ||    16
       Scroll            |       |       |    13 |     1 ||    14
 Stab: Sleeping          |     1 |     4 |     5 |       ||    10
       Confused          |       |       |     3 |       ||     3
       Invisible         |       |       |       |     1 ||     1
  Eat: Chunk             |     4 |    19 |    64 |    17 ||   104
       Beef jerky        |       |       |     1 |       ||     1
       Fruit             |       |       |       |     1 ||     1
